 Dungeon Crawl Stone Soup version 0.25-a0-731-g0472a16d6a (webtiles) character file.

Game seed: 3679631976092898060, levelgen mode: deterministic

1631 Glundar the Chopper (level 8, -2/61 HPs)
             Began as a Demonspawn Fighter on Apr 8, 2020.
             Was a Believer of Okawaru.
             Shot with a sling bullet by Joseph (13 damage)
             ... on level 7 of the Dungeon.
             The game lasted 00:30:53 (6745 turns).

Glundar the Chopper (Demonspawn Fighter)            Turns: 6745, Time: 00:30:54

Health: -2/61      AC: 12    Str: 19    XL:     8   Next: 65%
Magic:  8/8        EV:  6    Int: 10    God:    Okawaru [**....]
Gold:   382        SH: 10    Dex: 12    Spells: 7/7 levels left

rFire    + + .     SeeInvis .   a - +0 war axe
rCold    x . .     Gourm    .   c - +0 kite shield
rNeg     . . .     Faith    .   o - +0 chain mail
rPois    .         Spirit   .   (helmet restricted)
rElec    .         Reflect  .   (no cloak)
rCorr    .         Harm     .   (no gloves)
MR       .....                  (no boots)
Stlth    ..........             (no amulet)
HPRegen  0.20/turn              p - ring of fire
MPRegen  0.11/turn              b - ring of flight

@: no status effects
A: horns 1, yellow scales 1, fire resistance 1
a: Heroism, Renounce Religion, Evoke Flight


You were on level 7 of the Dungeon.
You worshipped Okawaru.
Okawaru was pleased with you.
You were not hungry.

You visited 2 branches of the dungeon, and saw 8 of its levels.

You collected 382 gold pieces.

Inventory:

Hand Weapons
 a - a +0 war axe (weapon)
Missiles
 k - 126 stones (quivered)
 q - 33 sling bullets
Armour
 c - a +0 kite shield (worn)
 n - a +0 helmet
 o - a +0 chain mail (worn)
Jewellery
 b - a ring of flight (right hand)
 p - a ring of fire (left hand)
 u - an uncursed ring of poison resistance
Scrolls
 g - a scroll of teleportation {unknown}
 i - 2 scrolls of remove curse {unknown}
 j - 3 scrolls of identify
 l - 2 scrolls of enchant weapon {unknown}
 m - 3 scrolls of fear {unknown}
 r - a scroll of enchant armour {unknown}
 y - a scroll of silence {unknown}
 z - a scroll of holy word {unknown}
Potions
 d - a potion of ambrosia {unknown}
 e - a potion of magic
 h - 2 potions of degeneration
 t - a potion of flight
 w - a potion of mutation {unknown}
 x - a potion of lignification {unknown}
Comestibles
 f - 13 rations
 v - a chunk of flesh


   Skills:
 + Level 4.6 Fighting
 + Level 6.5 Axes
 + Level 5.9 Armour
 - Level 1.7 Dodging
 - Level 0.2 Stealth
 + Level 5.0 Shields
 + Level 0.9 Invocations
 - Level 0.2 Evocations


You had 7 spell levels left.
You didn't know any spells.
Your spell library contained the following spells:

 Spells                   Type           Power        Failure   Level  Hunger
 Shock                    Conj/Air       #...         100%        1    ##.....
 Swiftness                Chrm/Air       #.......     100%        2    ###....
 Static Discharge         Conj/Air       #.......     100%        3    ####...
 Airstrike                Air            #.........   100%        4    #####..
 Lightning Bolt           Conj/Air       #.........   100%        5    ######.


Dungeon Overview and Level Annotations

Branches:
Dungeon (7/15)             Temple (1/1) D:4

Altars:
Ashenzari
Cheibriados
Dithmenos
Elyvilon
Fedhas
Gozag
Hepliaklqana
Kikubaaqudgha
Makhleb
Nemelex Xobeh
Okawaru
Ru
Sif Muna
Trog
Uskayaw
Vehumet
Wu Jian
Xom
The Shining One

Annotations:
D:3 1 runed translucent door, exclusion: door, Yehuk's ghost, amateur GrFi
D:7 Joseph


Innate Abilities, Weirdness & Mutations

You have a pair of small horns on your head.
You are partially covered in yellow scales. (AC +2)
Your flesh is heat resistant. (rF+)


Message History

* * * LOW HITPOINT WARNING * * *
Your chain mail prevents you from hitting Joseph.
Joseph is moderately wounded.
Joseph hits you but does no damage.
You closely miss Joseph.
Joseph is moderately wounded.
Joseph hits you with a +0 quarterstaff of protection.
* * * LOW HITPOINT WARNING * * *
You feel better. Joseph hits you but does no damage.
You hit Joseph but do no damage.
Joseph is moderately wounded.
You block Joseph's attack.
You hit Joseph but do no damage.
Joseph is moderately wounded.
Joseph hits you with a +0 quarterstaff of protection!
* * * LOW HITPOINT WARNING * * *
Joseph unwields a +0 quarterstaff of protection.
Joseph wields a +0 hunting sling.
Joseph shoots a sling bullet.
The sling bullet hits you!
You die...

#.##.....#.##.###.#.###. #
#........#.##.....#.#...
...
#.##.#...#.########....#
.....###......†....# #....#
..........÷..#..##.# #.<...
.....###.###.#..# .# ##...#
... ###.###.#.###.### #...#
. ................# #...#
.........@....#.# ####...#
.......#.....## .........
#......$@..................
#.......#...).##...........
.......##.......######....
...?... #....### #..#+
####### ####.# #..# .#
#..## # ####....


You could see Joseph.

Vanquished Creatures
  A hungry ghost (D:4)
  Edmund (D:5)
  Purgy (D:4)
  2 ice beasts (D:5)
  2 sky beasts
  A phantom (D:4)
  A bullfrog (D:6)
  2 wights (D:6)
  A howler monkey (D:4)
  2 crimson imps (D:5)
  2 jellies
  An orc wizard (D:3)
  3 hounds
  3 orc priests
  A bullfrog skeleton (D:5)
  Terence (D:3)
  2 iguanas (D:5)
  A worker ant (D:4)
  2 hound skeletons (D:4)
  3 gnolls (D:5)
  2 adders
  2 oozes (D:3)
  4 dart slugs
  3 leopard geckos
  16 orcs
  9 bats
  4 giant cockroaches
  7 goblins
  5 hobgoblins
  8 jackals
  12 kobolds
  3 quokkas
  A ball python (D:2)
  4 frilled lizards
  5 rats
118 creatures vanquished.

Notes
Turn   | Place    | Note
-------+----------+-------------------------------------------
     0 | D:1      | Glundar the Demonspawn Fighter began the quest for the Orb.
     0 | D:1      | Reached XP level 1. HP: 18/18 MP: 1/1
   204 | D:1      | Gained mutation: Your flesh is heat resistant. (rF+)
                  | [demonic ancestry]
   204 | D:1      | Reached XP level 2. HP: 19/24 MP: 2/2
   296 | D:1      | Reached skill level 2 in Axes
   378 | D:1      | Reached XP level 3. HP: 14/29 MP: 3/3
   998 | D:2      | Found an iron altar of Okawaru.
  1020 | D:2      | Became a worshipper of Warmaster Okawaru
  1467 | D:3      | Found a runed translucent door.
  1467 | D:3      | Noticed Yehuk's ghost (amateur GrFi)
  1493 | D:3      | Reached skill level 3 in Axes
  1493 | D:3      | Reached XP level 4. HP: 15/35 MP: 4/4
  2004 | D:3      | Noticed Terence
  2049 | D:3      | Killed Terence
  2049 | D:3      | Reached XP level 5. HP: 31/41 MP: 5/5
  2537 | D:3      | Found a sacrificial altar of Ru.
  2713 | D:4      | Found a blossoming altar of Fedhas.
  2746 | D:4      | Found a staircase to the Ecumenical Temple.
  2988 | Temple   | Entered the Ecumenical Temple
  3406 | D:4      | Noticed a phantom
  3422 | D:4      | Reached skill level 4 in Axes
  3453 | D:4      | Killed a phantom
  3453 | D:4      | Reached XP level 6. HP: 40/48 MP: 6/6
  3506 | D:4      | Noticed Purgy
  3518 | D:4      | Killed Purgy
  3518 | D:4      | Reached * piety under Okawaru
  3528 | D:4      | Noticed a hungry ghost
  3610 | D:4      | Killed a hungry ghost
  3610 | D:4      | Reached skill level 1 in Dodging
  3610 | D:4      | Gained mutation: You have a pair of small horns on your
                  | head. [demonic ancestry]
  3610 | D:4      | Reached XP level 7. HP: 26/54 MP: 7/7
  3800 | D:4      | Found a bloodstained altar of Trog.
  3802 | D:4      | Found a shimmering altar of Xom.
  3853 | D:4      | Reached skill level 5 in Axes
  3892 | D:4      | Found a snail-covered altar of Cheibriados.
  3892 | D:4      | Found a glowing golden altar of the Shining One.
  3894 | D:4      | Found a sparkling altar of Nemelex Xobeh.
  4116 | D:5      | Entered Level 5 of the Dungeon
  4967 | D:5      | Reached ** piety under Okawaru
  5194 | D:5      | Gained mutation: You are partially covered in yellow
                  | scales. (AC +2) [demonic ancestry]
  5194 | D:5      | Reached XP level 8. HP: 59/60 MP: 8/8
  5208 | D:5      | Reached skill level 5 in Armour
  5264 | D:5      | Noticed Edmund
  5276 | D:5      | Killed Edmund
  5628 | D:4      | Found an opulent altar of Gozag.
  5628 | D:4      | Found an ancient bone altar of Kikubaaqudgha.
  5998 | D:6      | Reached skill level 6 in Axes
  6628 | D:7      | Reached skill level 5 in Shields
  6715 | D:7      | Noticed Joseph
  6745 | D:7      | Shot with a sling bullet by Joseph

Levels and vault maps discovered:
D:1:      minmay_arrival_five_plusses, layout_rooms, minmay_domino_2
D:2:      layout_rooms, nicolae_overflow_crystal_walls
D:3:      layout_loops_ring, lemuel_round_altar, hellmonk_ghost_happy_afterlife,
          uniq_terence
D:4:      layout_rooms, overflow_temple_1_default,
          gammafunk_temple_overflow_pools, nicolae_overflow_hidden_temple,
          minmay_temple_entry_gardened_gates, corexii_hall_statues_t, uniq_purgy
D:5:      layout_basic, first_ration, portal_sewer_entry_e, uniq_edmund
D:6:      layout_rooms
D:7:      layout_loops_cross, kennysheep_mini_moat, uniq_joseph
Temple:   compressed_dpeg_triangle_lava_temple

Skill      XL: |  1  2  3  4  5  6  7  8 |
---------------+-------------------------+-----
Shields        | 3 4 5 |  5.0
Axes           | 2 3 4 5 6 |  6.5
Armour         | 3 4 5 |  5.9
Fighting       | 4 |  4.6
Dodging        | 1 |  1.7
Stealth        | |  0.2
Invocations    | |  0.9
Evocations     | |  0.2

Action                   |  1- 3 |  4- 6 |  7- 9 || total
-------------------------+-------+-------+-------++-------
Melee: War axe           |   216 |   249 |   221 ||   686
       Headbutt          |       |       |    44 ||    44
Throw: Stone             |       |    10 |       ||    10
 Abil: Evoke Flight      |       |       |     2 ||     2
  Use: Scroll            |       |       |     5 ||     5
       Potion            |       |       |     3 ||     3
  Eat: Chunk             |     2 |    12 |     7 ||    21
       Ration            |       |     3 |     1 ||     4
Armor: Scale mail        |   142 |     1 |       ||   143
       Chain mail        |       |   133 |   118 ||   251
Dodge: Dodged            |    78 |    40 |    49 ||   167
Block: Kite shield       |   123 |   121 |    97 ||   341

Table legend:
 A = Non-vault XP
 B = Vault XP
 C = Vault XP percentage of total XP
 D = Non-vault monster count
 E = Vault monster count
 F = Vault count percentage of total count
                 A         B        C        D         E       F
            +---------+---------+-------+---------+---------+-------
      Total |    2003 |     327 |  14.0 |     113 |       5 |   4.2
            +---------+---------+-------+---------+---------+-------
        D:1 |      49 |       2 |   3.9 |      26 |       2 |   7.1
        D:2 |      36 |       0 |   0.0 |      16 |       0 |   0.0
        D:3 |     131 |      38 |  22.5 |      29 |       1 |   3.3
        D:4 |     492 |     134 |  21.4 |      10 |       1 |   9.1
        D:5 |     773 |     153 |  16.5 |      17 |       1 |   5.6
        D:6 |     390 |       0 |   0.0 |      12 |       0 |   0.0
        D:7 |     132 |       0 |   0.0 |       3 |       0 |   0.0
            +---------+---------+-------+---------+---------+-------
